 Dungeon Crawl Stone Soup version 0.26-a0-1181-gd376ed14c5 (webtiles) character file.

Game seed: 7017505211966887992

1 runemasterragnar the Sneak (level 1, -3/14 HPs)
             Began as a Kobold Delver on Dec 26, 2020.
             Was an Initiate of Ru.
             Slain by a centaur (7 damage)
             ... on level 5 of the Dungeon.
             The game lasted 00:00:52 (175 turns).

runemasterragnar the Sneak (Kobold Delver)           Turns: 175, Time: 00:00:52

Health: -3/14      AC:  3    Str:  9    XL:     1   Next: 22%
Magic:  1/1        EV: 14    Int: 11    God:    Ru [......]
Gold:   29         SH:  0    Dex: 16    Spells: 0/0 levels left

rFire    + . .     SeeInvis .   a - +0 short sword
rCold    . . .     Faith    .   (shield restricted)
rNeg     . . .     Spirit   .   b - +0 leather armour
rPois    .         Reflect  .   (no helmet)
rElec    .         Harm     .   (no cloak)
rCorr    .         Rampage  .   (no gloves)
Will     .....                  (no boots)
Stlth    ++++......             (no amulet)
HPRegen  0.04/turn              i - ring of protection from fire
MPRegen  0.07/turn              (no ring)

@: hasted, very quick
A: small, nightstalker 3
a: Renounce Religion


You were on level 5 of the Dungeon.
You worshipped Ru.
Ru was noncommittal.
You visited 1 branch of the dungeon, and saw 2 of its levels.

You collected 29 gold pieces.

Inventory:

Hand Weapons
 a - a +0 short sword (weapon)
Armour
 b - a +0 leather armour (worn)
 j - a +0 ring mail
Jewellery
 i - a ring of protection from fire (left hand)
Wands
 g - a wand of digging (3)
Scrolls
 c - a scroll of fog
 d - a scroll of magic mapping
 e - a scroll of fear
 h - a scroll of enchant weapon {unknown}


   Skills:
 + Level 3.2 Fighting
 + Level 2.6 Short Blades
 + Level 2.4 Dodging
 + Level 6.7 Stealth


You couldn't memorise any spells.
You didn't know any spells.
Your spell library was empty.

Dungeon Overview and Level Annotations

Branches:
Dungeon (6/15)
 Temple: D:4-7

Altars:
Ru
Vehumet


Innate Abilities, Weirdness & Mutations

You are small and have problems with some larger weapons.
You are completely attuned to the shadows.


Message History

Found a stone staircase leading down.
You now have 29 gold pieces (gained 11).
Found a leather armour.
Found an escape hatch in the floor.
An ufetubus comes into view.
Found 25 sling bullets.
A centaur comes into view.
The centaur shouts!
The centaur wields a +0 shortbow.
The centaur shoots an arrow.
The arrow hits you but does no damage.
You see here an arrow.
You feel yourself speed up.
The centaur unwields a +0 shortbow.
The centaur hits you but does no damage.
You completely miss the centaur. The centaur hits you.
You barely miss the centaur. The centaur hits you.
* * * LOW HITPOINT WARNING * * *
You hit the centaur.
The centaur is lightly wounded.
The centaur hits you!
Ouch! That really hurt!
You die...

......###..#.......###..
#....####.#........##..
.#..###.............#..#
.....................#...
............#...##.......
............###..........
..............#.........#
......(...#.......##....
.#....@..##......##.#..
.....c.##.>..#..######
........#.>.[#.##
..####.......### .......


You could see a centaur.

Vanquished Creatures
  A ball python (D:5)
1 creature vanquished.

Notes
Turn   | Place    | Note
-------+----------+-------------------------------------------
     0 | D:5      | runemasterragnar the Kobold Delver began the quest for the
                  | Orb.
     0 | D:5      | Reached XP level 1. HP: 14/14 MP: 1/1
     5 | D:5      | Found a sacrificial altar of Ru.
    10 | D:5      | Became a worshipper of Ru the Awakened
   105 | D:5      | Found a radiant altar of Vehumet.
   170 | D:5      | Noticed a centaur
   175 | D:5      | Slain by a centaur

Illustrated notes

Levels and vault maps discovered:
D:5:      layout_cave_pools, nicolae_overflow_hidden_temple, minitemple,
          vehumet_crystals, nicolae_temple_entry_ecumenical
D:6:      corexii_shantytown, layout_cave_pods, basic_altar, uniq_pikel

Action                   || total
-------------------------++-------
Melee: Short sword       ||     4
  Use: Potion            ||     1
 Stab: Sleeping          ||     1
Armor: Leather armour    ||     1

Table legend: (Time is in decaauts)
 A = Elapsed time spent in this place.
 B = Non-inter-level travel time spent in this place.
 C = Inter-level travel time spent in this place.
 D = Time resting spent in this place.
 E = Time spent auto-exploring this place.
 F = Levels seen in this place.
 G = Mean time per level.
                   A        B        C        D        E       F      G
               +--------+--------+--------+--------+--------+-----+--------+
         Total |    174 |    174 |      0 |      0 |     55 |   2 |   87.0 |
       Dungeon |    174 |    174 |      0 |      0 |     55 |   2 |   87.0 |
               +--------+--------+--------+--------+--------+-----+--------+

Top non-repeatable levels by time:
     D:5: 164 daAuts
     D:6: 9 daAuts
